 Dungeon Crawl Stone Soup version 0.27-a0-1116-g91b3acb402 (webtiles) character file.

Game seed: 11364759582568098745

405481 spiderkeys the End of an Era (level 24, -1/202 HPs)
             Began as a Formicid Fighter on May 2, 2021.
             Was the Champion of Qazlal.
             Slain by a jiangshi (15 damage)
             ... led by a vampire mage
             ... on level 5 of the Depths.
             The game lasted 01:25:33 (50569 turns).

spiderkeys the End of an Era (Formicid Fighter)    Turns: 50569, Time: 01:25:34

Health: -1/202     AC: 41    Str: 29    XL:     24   Next: 85%
Magic:  6/29       EV:  8    Int: 19    God:    Qazlal [******]
Gold:   2634       SH: 27    Dex: 10    Spells: 22/23 levels left

rFire    + . .     SeeInvis +   a - +8 glaive of the Guard {elec, spectral, AC+5}
rCold    . . .     Faith    .   q - +0 kite shield {rF+}
rNeg     . . .     Spirit   .   W - +2 plate armour {Will+}
rPois    +         Reflect  +   (helmet unavailable)
rElec    +         Harm     .   N - +1 cloak "Soacvyil" {-Tele rElec MP-9 Int+7}
rCorr    .         Rampage  .   j - +0 pair of gloves
Will     +++..                  v - +2 pair of boots {Stlth+}
Stlth    ..........             U - amulet of reflection
HPRegen  0.43/turn              P - ring of poison resistance
MPRegen  0.21/turn              O - +4 ring of protection

@: protected from physical damage, studying Slings, repel missiles
A: permanent stasis, dig shafts and tunnels, antennae 3, four strong arms
}: 1/15 runes: barnacled
a: Dig, Shaft Self, Renounce Religion, Upheaval, Elemental Force, Disaster Area


You were on level 5 of the Depths.
You worshipped Qazlal.
Qazlal was exalted by your worship.
You visited 8 branches of the dungeon, and saw 38 of its levels.
You visited the Abyss 2 times.
You also visited: Sewer, Bailey, Gauntlet and Volcano.

You collected 5247 gold pieces.
You spent 2613 gold pieces at shops.


Innate Abilities, Weirdness & Mutations

You cannot be hasted, slowed, berserked, paralysed or teleported.
You can dig through walls and to a lower floor.
You have a pair of large antennae on your head. (SInv)
Your four strong arms can wield two-handed weapons with a shield.


   Skills:
 + Level 19.4 Fighting
 - Level 3.9(13.3) Axes
 + Level 18.9(19.0) Polearms
 + Level 13.8 Bows
 + Level 19.4 Armour
 - Level 15.0 Shields
 + Level 22.3 Invocations


You had 22 spell levels left.
You knew the following spells:

 Your Spells              Type           Power      Damage    Failure   Level
a - Animate Skeleton      Necr           0%         N/A       65%         1

Your spell library contained the following spells:

 Spells                   Type           Power      Damage    Failure   Level
 Apportation              Tloc           0%         N/A       65%         1
 Corona                   Hex            0%         N/A       65%         1
 Foxfire                  Conj/Fire      0%         2x1d4     65%         1
 Freeze                   Ice            0%         1d3       65%         1
 Magic Dart               Conj           0%         1d3       65%         1
 Sandblast                Erth           0%         2d4       65%         1
 Sting                    Tmut/Pois      0%         1d3       65%         1
 Summon Small Mammal      Summ           0%         N/A       65%         1
 Call Imp                 Summ           0%         N/A       80%         2
 Corpse Rot               Necr/Air       N/A        N/A       80%         2
 Ensorcelled Hibernation  Hex/Ice        0%         N/A       80%         2
 Passwall                 Tmut/Erth      0%         N/A       80%         2
 Poisonous Vapours        Pois/Air       0%         N/A       80%         2
 Searing Ray              Conj           0%         3d3       80%         2
 Slow                     Hex            0%         N/A       80%         2
 Static Discharge         Conj/Air       0%         N/A       80%         2
 Sublimation of Blood     Necr           0%         N/A       80%         2
 Confusing Touch          Hex            0%         N/A       95%         3
 Conjure Flame            Conj/Fire      0%         6-21      95%         3
 Dazzling Flash           Conj/Hex       0%         N/A       95%         3
 Frozen Ramparts          Ice            0%         1d2       95%         3
 Gell's Gravitas          Tloc           0%         N/A       95%         3
 Ignite Poison            Fire/Tmut/Pois 0%         N/A       95%         3
 Inner Flame              Hex/Fire       0%         N/A       95%         3
 Mephitic Cloud           Conj/Pois/Air  0%         N/A       95%         3
 Ozocubu's Armour         Ice            0%         N/A       95%         3
 Tukima's Dance           Hex            0%         N/A       95%         3
 Animate Dead             Necr           0%         N/A       100%        4
 Cause Fear               Hex            0%         N/A       100%        4
 Fulminant Prism          Conj/Hex       0%         3d6       100%        4
 Hailstorm                Conj/Ice       0%         3d3       100%        4
 Iskenderun's Mystic Bla  Conj/Tloc      0%         2d3       100%        4
 Olgreb's Toxic Radiance  Pois           0%         N/A       100%        4
 Petrify                  Tmut/Erth      0%         N/A       100%        4
 Sticky Flame             Conj/Fire      0%         2d3       100%        4
 Summon Lightning Spire   Summ/Air       0%         N/A       100%        4
 Bolt of Magma            Conj/Fire/Erth 0%         4d4       100%        5
 Borgnjor's Vile Clutch   Necr/Erth      0%         N/A       100%        5
 Fireball                 Conj/Fire      0%         3d3       100%        5
 Metabolic Englaciation   Hex/Ice        0%         N/A       100%        5
 Silence                  Hex/Air        0%         N/A       100%        5
 Yara's Violent Unravell  Hex/Tmut       0%         3d3       100%        5
 Conjure Ball Lightning   Conj/Air       0%         3x3d6     100%        6
 Freezing Cloud           Conj/Ice/Air   0%         6-21      100%        6
 Starburst                Conj/Fire      0%         8x6d3     100%        6
 Statue Form              Tmut/Erth      0%         N/A       100%        6
 Dragon Form              Tmut           0%         N/A       100%        7
 Ignition                 Fire           0%         3d3       100%        8
 Dragon's Call            Summ           0%         N/A       100%        9
 Tornado                  Air            0%         N/A       100%        9
 Blink                    Tloc           Unusable   N/A       N/A         2

Inventory:

Hand Weapons
 a - the +8 glaive of the Guard (weapon) {elec, spectral, AC+5}
   (You bought it in a shop on level 2 of the Orcish Mines)

   Occasionally, upon striking a foe, it can discharge electrical energy and
   cause terrible harm.
   When it strikes, its spirit leaps out and fights alongside the wielder.
   It affects your AC (+5).
 b - the +12 longbow of Ypnut {speed, Will+ Str+4 Dex-2}
   (You found it in a Gauntlet)

   Attacks with this weapon are significantly faster.
   It affects your strength (+4).
   It affects your dexterity (-2).
   It increases your willpower.
 o - the +8 trident of the Thirsty Lies {vorpal, rF+ rC+ rN++ Dex-5}
   (You found it on level 1 of the Lair of Beasts)

   It inflicts extra damage upon your enemies.
   It affects your dexterity (-5).
   It protects you from fire.
   It protects you from cold.
   It greatly protects you from negative energy.
 u - the +8 demon trident "Rift" {distort, reach+}
   (You acquired it on level 4 of the Dungeon)

   It warps and distorts space around it.
   Unwielding it can cause banishment or high damage.
Missiles
 m - 1192 arrows
 H - 9 silver javelins
Armour
 j - a +0 pair of gloves (worn)
   (You found it on level 13 of the Dungeon)
 q - a +0 kite shield of fire resistance (worn)
   (You found it in a volcano)
 v - a +2 pair of boots of stealth (worn)
   (You found it on level 4 of the Shoals)
 N - the +1 cloak "Soacvyil" (worn) {-Tele rElec MP-9 Int+7}
   (You found it in a Gauntlet)

   It affects your intelligence (+7).
   It insulates you from electricity.
   It affects your magic capacity (-9).
   It prevents most forms of teleportation.
 W - a +2 plate armour of willpower (worn)
   (You took it off a minotaur in a Gauntlet)
Jewellery
 z - a ring of wizardry
   (You found it on level 3 of the Abyss)
 G - the ring "Xalu" {Will+ Int+6}
   (You took it off a fire giant on level 3 of the Depths)

   [ring of intelligence]

   It affects your intelligence (+6).
   It increases your willpower.
 L - a ring of flight
   (You found it on level 4 of the Dungeon)
 O - a +4 ring of protection (right hand)
   (You found it on level 4 of the Dungeon)
 P - a ring of poison resistance (left hand)
   (You found it on level 6 of the Dungeon)
 R - a ring of resist corrosion
   (You found it on level 12 of the Dungeon)
 U - an amulet of reflection (around neck)
   (You found it on level 4 of the Vaults)
Wands
 e - a wand of mindburst (41)
   (You found it on level 12 of the Dungeon)
 r - a wand of flame (141)
   (You took it off Ijyb on level 4 of the Dungeon)
 x - a wand of paralysis (38)
   (You found it on level 6 of the Dungeon)
 C - a wand of acid (16)
   (You found it on level 2 of the Shoals)
 Q - a wand of iceblast (46)
   (You found it on level 9 of the Dungeon)
Scrolls
 c - 4 scrolls of vulnerability {!r!r}
 h - 4 scrolls of torment {!r}
 i - a scroll of silence {!r}
 l - 17 scrolls of identify {@r1}
 s - 2 scrolls of immolation {!r!r}
 t - 2 scrolls of fear
 y - 6 scrolls of enchant armour
 M - 4 scrolls of fog
 T - a scroll of blinking {!r}
 V - 7 scrolls of enchant weapon
 X - 3 scrolls of amnesia
 Y - 5 scrolls of magic mapping {!r}
Potions
 d - 6 potions of might
 f - 4 potions of ambrosia
 g - 8 potions of flight
 k - 16 potions of curing {@q1}
 n - 6 potions of attraction {!q}
 p - 10 potions of brilliance
 w - 3 potions of cancellation
 A - 4 potions of lignification {!q}
 B - 2 potions of mutation {!q}
 E - a potion of invisibility
 K - 4 potions of resistance
Miscellaneous
 D - a phial of floods
   (You found it in a bailey)
 F - a phantom mirror
   (You found it on level 2 of the Depths)
 I - a tin of tremorstones (2/2)
   (You found it on level 2 of the Vaults)
 J - a lightning rod (4/4)
   (You found it on level 3 of the Vaults)
 S - a piece from Xom's chessboard (15/15)
   (You found it on level 2 of the Shoals)

Dungeon Overview and Level Annotations

Branches:
Dungeon (15/15)            Temple (1/1) D:6            Lair (6/6) D:9
 Shoals (4/4) Lair:2       Spider (1/4) Lair:2        Slime (0/5) Lair:6
    Orc (2/2) D:9             Elf (0/3) Orc:2        Vaults (4/5) D:13
  Crypt (0/3) Vaults:2     Depths (5/5) D:15          Sewer (visited)
 Bailey (visited)         Volcano (visited)         Gauntlet (visited)
    Zot: Depths:5

Altars:
Ashenzari
Cheibriados
Dithmenos
Elyvilon
Fedhas
Gozag
Hepliaklqana
Kikubaaqudgha
Makhleb
Nemelex Xobeh
Okawaru
Qazlal
Ru
Sif Muna
Trog
Uskayaw
Vehumet
Wu Jian
Xom
Yredelemnul
Zin
The Shining One
Jiyva

Shops:
D:3 :   D:10 *   D:14 ::   Orc:2 [([?

Portals:
Hell: Depths:1 Depths:2 Depths:3 Depths:4
Abyss: Depths:1 Depths:4
Pandemonium: Depths:3
Ziggurat: Depths:1

Annotations:
D:14 2 transporters
Vaults:4 2 transporters, exclusion: obsidian statue
Abyss:1 Erica, Josephine, Maggie

########.#
#.## #..# ##.#
#.# #.# #.#
#.# #@# ##V#
####§D####
#...i§Y.≈#
#..(○≈≈≈≈#
##....≈.≈≈#
##T.≈...≈.≈#
##C#.≈≈.....#
##)##≈≈≈..≈≈≈#


You could see a golden dragon, an elephant (summoned, berserk), a jiangshi and a
spriggan berserker (slow).


Message History

You hear a grinding noise. 😨 HP[+1]
You retract your mandibles.
You block the spriggan berserker's attack.
The jiangshi is struck by lightning.
The spriggan berserker hits you with a +2 antimagic hand axe!!
* * * LOW HITPOINT WARNING * * *
Your resistance to cold fades away.
You feel protected from physical attacks.
You feel your power leaking away. 😱 HP[-23] MP[-8]
You take 23 damage, and now have 45/199 hp.
You lost 8 mp, and now have 21/29 mp.
You feel much better. The jiangshi claws you.
* * * LOW HITPOINT WARNING * * *
The jiangshi draws strength from your injuries!
You block the jiangshi's attack.
The spriggan berserker hits you with a +2 antimagic hand axe!
* * * LOW HITPOINT WARNING * * *
You feel your power leaking away. 😱 HP[-3] MP[-6]
You take 3 damage, and now have 42/199 hp.
You lost 6 mp, and now have 15/29 mp.
Nature churns violently around you!
The blast of rubble hits the deep troll shaman!!
The blast of rubble hits the deep troll earth mage!!
The blast of rubble hits the fire giant!!!
The blast of rubble hits the tengu reaver!!
The blast of ice hits the spriggan air mage!!!
The spriggan air mage is flash-frozen.
The blast of ice hits the spriggan rider!!
The spriggan rider is flash-frozen.
The blast of ice hits the spriggan berserker!!!
The spriggan berserker is flash-frozen.
The blast of magma engulfs the tengu reaver!!!
The blast of magma engulfs the fire giant!!
The fire giant partially resists.
The blast of magma engulfs the spriggan rider!!!
You kill the spriggan rider!
Qazlal accepts your kill.
You kill the hornet!
Qazlal accepts your kill.
The blast of magma engulfs the deep troll earth mage!!!
You kill the deep troll earth mage!
Qazlal accepts your kill.
The troll leather armour is intact enough to wear.
You hear a sizzling sound! x3
The cutting wind hits the golden dragon!!
The cutting wind hits the jiangshi!
The blast of rubble hits the golden dragon!
The blast of ice hits the fire giant!!!
You kill the fire giant!
Qazlal accepts your kill.
The blast of ice hits the tengu reaver!!!
You kill the tengu reaver!
Qazlal accepts your kill.
The blast of ice hits the deep troll shaman!!!
You kill the deep troll shaman!
Qazlal accepts your kill.
The blast of rubble hits the spriggan air mage!!!
You kill the spriggan air mage!
Qazlal accepts your kill. x2
You feel a bit more experienced.
You hear a splash.
You hear a shout!
The spriggan berserker hits you with a +2 antimagic hand axe!
* * * LOW HITPOINT WARNING * * *
You feel more protected from physical attacks.
You feel your power leaking away.
Your life force feels restored. 😱 HP[-6] MP[-10]
You now have 202 max hp (+3).
You take 6 damage, and now have 36/202 hp.
You lost 10 mp, and now have 5/29 mp.
Okay, then.
The spriggan berserker is no longer encased in ice.
You extend your mandibles.
You dig through the rock wall.
The jiangshi claws you!
* * * LOW HITPOINT WARNING * * *
The jiangshi draws strength from your injuries!
You block the jiangshi's attack. 😱 HP[-11]
You take 11 damage, and now have 25/202 hp.
You retract your mandibles.
You hit the jiangshi but do no damage.
Your spectral weapon hits the jiangshi from afar!
Lightning courses through the jiangshi!
You block the spriggan berserker's attack.
The spriggan berserker hits your spectral weapon with a +2 antimagic hand axe!!
Your spectral weapon shares its damage with you!
* * * LOW HITPOINT WARNING * * *
😱 HP[-12] MP[+1]
You take 12 damage, and now have 13/202 hp.
The spriggan berserker is no longer berserk.
You block the jiangshi's attack. x4
The spriggan berserker prays to Trog.
You closely miss the spriggan berserker.
Your spectral weapon hits the spriggan berserker from afar!!
You block the jiangshi's attack. x2 😱 HP[+1]
You swap places.
You block the jiangshi's attack. The jiangshi claws you!
You die...

Skill      XL: |  1  2  3  4  5  6  7  8  9 10 11 12 13 14 15 16 17 18 19 20 21 22 23 24 |
---------------+-------------------------------------------------------------------------+-----
Shields        | 4 5 6 7 9 10 11 12 13 14 15 | 15.0
Axes           | 1 2 3 |  3.9
Fighting       | 4 5 6 7 8 9 10 11 12 13 14 15 16 17 18 19 | 19.4
Armour         | 4 5 6 7 8 9 10 11 12 13 14 15 16 17 18 19 | 19.4
Polearms       | 3 5 7 9 10 11 13 14 15 16 17 18 | 18.9
Invocations    | 4 6 8 9 11 14 17 18 19 20 21 22 | 22.3
Bows           | 2 4 5 6 8 10 11 12 13 | 13.8

Action                   |  1- 3 |  4- 6 |  7- 9 | 10-12 | 13-15 | 16-18 | 19-21 | 22-24 || total
-------------------------+-------+-------+-------+-------+-------+-------+-------+-------++-------
Melee: Trident           |    56 |       |       |       |       |       |       |       ||    56
       War axe           |    25 |   142 |     5 |       |       |       |       |       ||   172
       Demon trident     |       |       |   113 |   447 |   737 |  1128 |       |       ||  2425
       Glaive            |       |       |       |       |       |   194 |   826 |   708 ||  1728
 Fire: Longbow           |       |       |       |       |       |       |     6 |    85 ||    91
Invok: Disaster Area     |       |       |       |       |       |     3 |     4 |     2 ||     9
       Elemental Force   |       |       |       |       |       |     2 |     1 |     1 ||     4
 Abil: Dig               |       |       |    10 |     3 |     3 |     7 |     2 |     2 ||    27
  Use: Scroll            |     2 |     5 |     3 |     3 |     6 |    10 |     2 |     1 ||    32
       Potion            |       |       |       |     2 |       |     5 |     6 |     1 ||    14
 Stab: Distracted        |       |       |     1 |     1 |       |     5 |    10 |    10 ||    27
       Petrified         |       |       |       |       |       |     4 |       |       ||     4
Armor: Scale mail        |    35 |    51 |    18 |    42 |     3 |       |       |       ||   149
       Plate armour      |       |       |       |       |   109 |   245 |   308 |   185 ||   847
Dodge: Dodged            |    17 |    56 |    12 |    49 |    60 |   137 |   145 |    89 ||   565
       Repelled          |       |       |       |       |     1 |    11 |     4 |     5 ||    21
Block: Kite shield       |    40 |    82 |    23 |   108 |   329 |   653 |   775 |   469 ||  2479
       Reflection        |       |       |       |       |       |       |       |     6 ||     6

Levels and vault maps discovered:
D:1:      minmay_arrival_open_corners, layout_rooms
D:2:      layout_loops_ring
D:3:      layout_rooms, serial_shops, shop, bh_walls_and_bars
D:4:      layout_basic, nicolae_uskayaw_en_pointe, portal_sewer_entry_e,
          minmay_misc_feat_square, uniq_ijyb
D:5:      layout_basic, minmay_manual_mares
D:6:      minmay_diamond_boxcup, layout_loops_ring, minmay_temple_entry_oklob,
          dk_rats_in_the_wall, uniq_crazy_yiuf_cottage, uniq_eustachio,
          uniq_maggie, uniq_menkaure
D:7:      layout_basic, chequers_temple_overflow_statue_of_worship, uniq_harold,
          uniq_pikel
D:8:      layout_basic, st_stairs_2, hex_tiny, lemuel_flamethrower_2,
          uniq_erica, uniq_joseph, uniq_maurice, uniq_grum
D:9:      layout_layer_cave, minmay_lair_entry_grove, orc_0_dummy,
          serial_park_tiny_1
D:10:     layout_gridville, general_overflow_altar, serial_ice, serial_ice_e,
          serial_ice_h, serial_ice_i, serial_ice_d, serial_ice_n, serial_ice_b,
          serial_ice_m, guppyfry_shop_venom
D:11:     layout_roguey, minmay_lizard_king
D:12:     layout_cave_pools, enter_bailey_6, gauntlet_entry_generic
D:13:     nzn_winding_woodlands_stair_cross
          [nzn_winding_woodlands_5x15_sidewinder,
          nzn_winding_woodlands_center_diamonds,
          nzn_winding_woodlands_5x15_lazy_stream,
          nzn_winding_woodlands_5x5_perimeter,
          nzn_winding_woodlands_5x5_default, nzn_winding_woodlands_5x15_twine,
          nzn_winding_woodlands_center_lodge,
          nzn_winding_woodlands_5x15_jagged], layout_layer_cave,
          grunt_vaults_entry_fortified, nrook_guardian_serpent_double
D:14:     gammafunk_worm_tunnel, layout_basic, serial_shops,
          kennysheep_mini_moat, kennysheep_mini
D:15:     hangedman_depths_entry_try_elsewhere_first, layout_cave_pools,
          minmay_bent, uniq_josephine
Temple:   compressed_dpeg_circular_temple
Lair:1:   wad_woods_stonehenge, layout_regular_city, serial_bayou_pond_a,
          infiniplex_staircase_pool, serial_bayou_shore_b, serial_bayou_shore_b
Lair:2:   layout_gridlike, elwin_shoals_entry_rocks, spider_nest_entry_web_field
Lair:3:   layout_cave_pods
Lair:4:   layout_layer_cave, minmay_shattered_shrine
Lair:5:   mu_elephants_graveyard, layout_cave_pods, uniq_kirke
Lair:6:   evilmike_catoblepas_cave, layout_regular_city, slime_altar_1
Shoals:1: layout_shoals, gammafunk_ghost_necromancy
Shoals:2: layout_shoals
Shoals:3: layout_shoals, centaur_isle, uniq_polyphemus, uniq_donald
Shoals:4: shoals_end_simple, layout_shoals,
          nicolae_shoals_siren_and_animal_friends, uniq_nikola
Spider:1: layout_chambers, uniq_roxanne
Orc:1:    layout_caves, enter_volcano_1, uniq_erolcha
Orc:2:    st_orc_rangers, layout_caves
Vaults:1: v_misc_15, ontoclasm_vaults_spin, v_misc_1, v_misc_14,
          vaults_room_hallway, ontoclasm_vaults_idyll, v_misc_1,
          nicolae_vaults_disjoint_gnomons, vaults_mumra_minichess_inversion,
          v_misc_22, v_misc_25, vaults_room_door_hall, layout_vaults_omnibox
Vaults:2: nicolae_vaults_meeting, vaults_room_octagon,
          minmay_crypt_entry_simple_corners, nicolae_vaults_stairing_the_circle,
          nicolae_vaults_network_star, hangedman_vaults_stream,
          dpeg_vaults_monster_box, nicolae_vaults_shelves_hall,
          vaults_room_fours, layout_vaults_chaotic_city
Vaults:3: nicolae_vaults_puzzle_piece, nicolae_vaults_circle_grid_a,
          ontoclasm_vaults_ring_square, kb_rosetta, vaults_mumra_hexcomb,
          v_pattern_3, nicolae_vaults_little_squares_1,
          nicolae_vaults_windows_and_doors_thing,
          nicolae_vaults_yaktaur_gun_rack, vaults_dpeg_cross,
          layout_vaults_maze_bifur
Vaults:4: hangedman_vaults_corner_blocks, gammafunk_sealed_arena,
          nicolae_vaults_angled_halls, v_misc_12,
          nicolae_vaults_little_squares_3, grunt_vaults_hallway_long,
          vaults_room_fours, vaults_dpeg_hooks, layout_vaults_omnicross
Depths:1: layout_cave_pools, enter_ziggurat_b, abyss_entry_crystal,
          serial_sigils_hangedman_quiver, hell_entry, kennysheep_generic_room_4
Depths:2: hangedman_elemental_death_ray, layout_cave_pools, bloody_trog,
          hell_entry
Depths:3: minmay_spiral_squares, layout_honeycomb, marbit_kobold_abyss_entry,
          pf_coc_iceberg, serial_sigils_hangedman_scratch,
          rand_demon_pan_entry_8, serial_sigils, serial_sigils_hangedman_shear,
          serial_sigils_hangedman_leer, serial_sigils_hangedman_gut,
          serial_sigils_hangedman_gnaw, kilobyte_rumbling_trees
Depths:4: lemuel_traditional_vault, layout_long_grid, abyss_entry_glasseish,
          serial_bayou_shore_a, hell_entry, patterned_corridor,
          serial_bayou_shore_b
Depths:5: grunt_zot_entry_funnels, layout_gridlike, abyss_entry, hell_entry,
          nzn_wu_jian_contemplation, st_stairs_4, laboratory

Notes
Turn   | Place    | Note
-------+----------+-------------------------------------------
     0 | D:1      | spiderkeys the Formicid Fighter began the quest for the
                  | Orb.
     0 | D:1      | Reached XP level 1. HP: 18/18 MP: 1/1
     0 | D:1      | magus.rc [v1.9.10]
    64 | D:1      | Reached XP level 2. HP: 24/24 MP: 2/2
   178 | D:1      | You pick up a book of Cantrips and begin reading...
   178 | D:1      | You add the spells Corona, Animate Skeleton, Summon Small
                  | Mammal and Apportation to your library.
   193 | D:1      | Learned a level 1 spell: Animate Skeleton
   462 | D:1      | Reached XP level 3. HP: 29/29 MP: 3/3
   847 | D:2      | Reached skill level 4 in Shields
  1173 | D:2      | Reached XP level 4. HP: 34/37 MP: 4/4
  1333 | D:3      | You pick up a book of Maledictions and begin reading...
  1333 | D:3      | You add the spells Ensorcelled Hibernation, Confusing
                  | Touch, Tukima's Dance and Dazzling Flash to your library.
  1417 | D:3      | Found Loadd's Book Boutique.
  1419 | D:3      | Reached skill level 1 in Axes
  1420 | D:3      | You pick up a book of Minor Magic and begin reading...
  1420 | D:3      | You add the spells Magic Dart, Call Imp, Slow, Conjure
                  | Flame and Mephitic Cloud to your library.
  1939 | D:4      | Noticed Ijyb
  1944 | D:4      | Killed Ijyb
  1945 | D:4      | Reached skill level 4 in Fighting
  1945 | D:4      | Reached XP level 5. HP: 40/42 MP: 5/5
  2136 | D:4      | Reached skill level 2 in Axes
  2136 | D:4      | Reached skill level 4 in Armour
  2152 | D:4      | Reached XP level 6. HP: 34/48 MP: 6/6
  2223 | D:4      | Found a glowing drain.
  2228 | Sewer    | Entered a sewer
  2383 | Sewer    | Reached skill level 3 in Axes
  2508 | Sewer    | Reached skill level 5 in Shields
  2814 | Sewer    | Reached XP level 7. HP: 22/55 MP: 7/7
  3810 | D:4      | Identified a scroll of acquirement
  3810 | D:4      | Acquired the +8 demon trident "Rift" {distort, reach+}
  3811 | D:4      | Found the +8 demon trident "Rift" {distort, reach+}
  3814 | D:4      | Noticed a +0 short sword
  3814 | D:4      | Noticed a +0 falchion
  3814 | D:4      | Noticed a +0 spear
  3814 | D:4      | Noticed a +0 dagger
  3814 | D:4      | Noticed a +0 dagger
  3814 | D:4      | Noticed a +0 spear
  3821 | D:4      | Found a hide-covered altar of Uskayaw.
  3823 | D:4      | Noticed a +0 falchion
  3825 | D:4      | Noticed a +0 short sword
  3863 | D:4      | You pick up a book of Flames and begin reading...
  3863 | D:4      | You add the spells Foxfire, Inner Flame, Sticky Flame and
                  | Fireball to your library.
  4244 | D:5      | Entered Level 5 of the Dungeon
  4253 | D:5      | Reached skill level 3 in Polearms
  4255 | D:5      | Reached skill level 5 in Fighting
  4255 | D:5      | Reached skill level 5 in Armour
  4291 | D:5      | Reached XP level 8. HP: 55/62 MP: 8/8
  4448 | D:5      | Reached skill level 4 in Polearms
  4448 | D:5      | Reached skill level 6 in Shields
  4928 | D:6      | Noticed Maggie
  4935 | D:6      | Banished Maggie
  4936 | D:6      | Reached skill level 6 in Fighting
  4936 | D:6      | Reached skill level 5 in Polearms
  4936 | D:6      | Reached skill level 6 in Armour
  4936 | D:6      | Reached XP level 9. HP: 69/69 MP: 9/9
  4987 | D:6      | Found a staircase to the Ecumenical Temple.
  5054 | Temple   | Entered the Ecumenical Temple
  5180 | Temple   | Became a worshipper of Qazlal Stormbringer
  5276 | D:6      | Reached skill level 6 in Polearms
  5276 | D:6      | Reached skill level 7 in Shields
  5279 | D:6      | Noticed a two-headed ogre
  5285 | D:6      | Killed a two-headed ogre
  5286 | D:6      | Reached skill level 7 in Polearms
  5289 | D:6      | Reached skill level 7 in Fighting
  5289 | D:6      | Reached skill level 7 in Armour
  5427 | D:6      | Noticed Eustachio
  5448 | D:6      | Killed Eustachio
  5449 | D:6      | Reached XP level 10. HP: 68/79 MP: 10/10
  5641 | D:6      | Reached * piety under Qazlal
  5798 | D:6      | Reached skill level 8 in Shields
  5865 | D:6      | Noticed Menkaure
  5870 | D:6      | Killed Menkaure
  5984 | D:6      | Found a runed translucent door.
  5985 | D:6      | Noticed Crazy Yiuf
  5990 | D:6      | Killed Crazy Yiuf
  6152 | D:7      | Noticed Harold
  6160 | D:7      | Killed Harold
  6161 | D:7      | Reached skill level 8 in Polearms
  6162 | D:7      | Identified the +0 helmet of Inevitability {Str-3 Int+7
                  | Slay+3}
  6487 | D:7      | Reached skill level 8 in Fighting
  6492 | D:7      | Reached skill level 8 in Armour
  6496 | D:7      | Identified the +0 robe "Sihor" {Int+2}
  6576 | D:7      | Noticed Pikel
  6581 | D:7      | Killed Pikel
  6582 | D:7      | Reached skill level 9 in Polearms
  6721 | D:7      | You pick up a book of Misfortune and begin reading...
  6721 | D:7      | You add the spells Gell's Gravitas, Petrify, Metabolic
                  | Englaciation and Yara's Violent Unravelling to your
                  | library.
  6858 | D:7      | Reached skill level 9 in Shields
  6861 | D:7      | Found a bloodstained altar of Trog.
  6920 | D:7      | Found a broken altar of Ashenzari.
  7044 | D:8      | Reached XP level 11. HP: 73/87 MP: 11/11
  7047 | D:8      | Reached skill level 1 in Invocations
  7056 | D:8      | Noticed Erica
  7061 | D:8      | Banished Erica
  7062 | D:8      | Reached skill level 2 in Invocations
  7186 | D:8      | Noticed Maurice
  7193 | D:8      | Noticed Joseph
  7194 | D:8      | Killed Maurice
  7210 | D:8      | Reached ** piety under Qazlal
  7215 | D:8      | Killed Joseph
  7221 | D:8      | Reached skill level 10 in Polearms
  7230 | D:8      | Noticed Grum
  7234 | D:8      | Aim: Grum, wielding a -1 glaive and wearing a +0 animal
                  | skin (about 25% to evade the +8 demon trident "Rift")
  7234 | D:8      | Aim: Grum, wielding a -1 glaive and wearing a +0 animal
                  | skin (about 25% to evade the +8 demon trident "Rift")
  7239 | D:8      | Aim: Grum, wielding a -1 glaive and wearing a +0 animal
                  | skin (lightly wounded, about 25% to evade the +8 demon
                  | trident "Rift")
  7239 | D:8      | Aim: Grum, wielding a -1 glaive and wearing a +0 animal
                  | skin (lightly wounded, about 25% to evade the +8 demon
                  | trident "Rift")
  7240 | D:8      | Aim: Grum, wielding a -1 glaive and wearing a +0 animal
                  | skin (severely wounded, about 25% to evade the +8 demon
                  | trident "Rift")
  7240 | D:8      | Aim: Grum, wielding a -1 glaive and wearing a +0 animal
                  | skin (severely wounded, about 25% to evade the +8 demon
                  | trident "Rift")
  7240 | D:8      | Killed Grum
  7241 | D:8      | Reached skill level 3 in Invocations
  7658 | D:9      | Reached skill level 9 in Fighting
  7667 | D:9      | HP: 18/89 [vampire/vampiric draining (17)]
  7690 | D:9      | Reached skill level 9 in Armour
  7994 | D:9      | Found a staircase to the Lair.
  8011 | D:9      | Reached skill level 10 in Shields
  8098 | D:9      | Found a staircase to the Orcish Mines.
  8299 | D:9      | Reached skill level 4 in Invocations
  8755 | D:9      | Noticed a two-headed ogre
  8760 | D:9      | Banished a two-headed ogre
  8930 | D:9      | Reached XP level 12. HP: 92/95 MP: 15/15
  9000 | D:10     | Entered Level 10 of the Dungeon
  9019 | D:10     | Reached *** piety under Qazlal
  9210 | D:10     | Found a shimmering altar of Xom.
  9338 | D:10     | Reached skill level 11 in Polearms
  9355 | D:10     | Found Dass's Serpentskin Sales.
  9406 | D:10     | Reached skill level 5 in Invocations
  9893 | D:11     | Noticed a six-headed hydra
  9898 | D:11     | Killed a six-headed hydra
 10129 | D:11     | Noticed a six-headed hydra
 10134 | D:11     | Killed a six-headed hydra
 10135 | D:11     | Reached skill level 10 in Fighting
 10135 | D:11     | Reached skill level 10 in Armour
 10249 | D:11     | Reached skill level 6 in Invocations
 10457 | D:11     | Reached skill level 11 in Shields
 10575 | D:12     | Found a gate leading to a gauntlet.
 10576 | D:12     | Noticed a two-headed ogre
 10584 | D:12     | Killed a two-headed ogre
 10589 | Gauntlet | Entered a Gauntlet
 10589 | Gauntlet | Found a transporter.
 10589 | Gauntlet | Found a transporter.
 10648 | Gauntlet | Found a transporter.
 10667 | Gauntlet | Found a transporter.
 10679 | Gauntlet | Noticed a fire crab
 10680 | Gauntlet | Found a transporter.
 10680 | Gauntlet | Found a transporter.
 10682 | Gauntlet | Found a transporter.
 10682 | Gauntlet | Found a transporter.
 10683 | Gauntlet | Found a transporter.
 10686 | Gauntlet | Noticed a sixfirhy
 10699 | Gauntlet | Found a transporter.
 10710 | Gauntlet | Found a transporter.
 10719 | Gauntlet | Noticed a sixfirhy
 10719 | Gauntlet | Noticed a death scarab
 10720 | Gauntlet | Noticed a death scarab
 10723 | Gauntlet | Found a transporter.
 10734 | Gauntlet | Found a transporter.
 10755 | Gauntlet | Found a transporter.
 10809 | Gauntlet | Reached XP level 13. HP: 74/103 MP: 17/17
 10812 | Gauntlet | Identified the +12 longbow of Ypnut {speed, Will+ Str+4
                  | Dex-2}
 10828 | Gauntlet | Reached **** piety under Qazlal
 10837 | Gauntlet | Reached skill level 12 in Polearms
 10866 | Gauntlet | Identified the +1 cloak "Soacvyil" {-Tele rElec MP-9 Int+7}
 10909 | Gauntlet | Noticed a minotaur
 10917 | Gauntlet | Killed a minotaur
 10918 | Gauntlet | Reached skill level 7 in Invocations
 10939 | Gauntlet | Identified the Papyrus of Scorching Lightness
 10940 | Gauntlet | You add the spells Static Discharge, Corpse Rot, Freezing
                  | Cloud and Tornado to your library.
 10967 | D:12     | Noticed a five-headed hydra
 10977 | D:12     | Killed a five-headed hydra
 10988 | D:12     | Found a flagged portal.
 10997 | Bailey   | Entered a bailey
 11003 | Bailey   | Aim: a gnoll, wielding a +0 trident and wearing a +0 chain
                  | mail (about 20% to evade the +8 demon trident "Rift")
 11003 | Bailey   | Aim: a gnoll, wielding a +0 trident and wearing a +0 chain
                  | mail (about 20% to evade the +8 demon trident "Rift")
 11004 | Bailey   | Aim: a gnoll, wielding a +0 spear and wearing a +0 chain
                  | mail (thunder, about 20% to evade the +8 demon trident
                  | "Rift")
 11004 | Bailey   | Aim: a gnoll, wielding a +0 spear and wearing a +0 chain
                  | mail (thunder, about 20% to evade the +8 demon trident
                  | "Rift")
 11758 | D:12     | You pick up a book of Conjurations and begin reading...
 11758 | D:12     | You add the spells Searing Ray, Fulminant Prism and
                  | Iskenderun's Mystic Blast to your library.
 11966 | D:13     | Noticed a centaur warrior
 11969 | D:13     | Killed a centaur warrior
 11973 | D:13     | Noticed a boulder beetle
 11980 | D:13     | Noticed an ogre mage
 12232 | D:13     | Reached skill level 11 in Armour
 12232 | D:13     | Reached skill level 8 in Invocations
 12244 | D:13     | Reached skill level 11 in Fighting
 12309 | D:13     | Noticed a four-headed hydra
 12312 | D:13     | Banished a four-headed hydra
 12313 | D:13     | Reached skill level 13 in Polearms
 12422 | D:13     | Reached skill level 12 in Shields
 12433 | D:13     | Killed a boulder beetle
 12523 | D:13     | Noticed a centaur warrior
 12534 | D:13     | Aim: a centaur warrior, wielding a +0 shortbow and
                  | quivering arrows (about 22% to evade the +8 demon trident
                  | "Rift")
 12534 | D:13     | Banished a centaur warrior
 12542 | D:13     | Reached XP level 14. HP: 72/113 MP: 11/20
 12620 | D:13     | Reached ***** piety under Qazlal
 13469 | D:13     | Aim: an ogre mage, wielding a +0 broad axe and wearing a +0
                  | robe (slightly transparent, about 20% to evade the +8 demon
                  | trident "Rift")
 13469 | D:13     | Aim: an ogre mage, wielding a +0 broad axe and wearing a +0
                  | robe (slightly transparent, about 20% to evade the +8 demon
                  | trident "Rift")
 13470 | D:13     | Aim: an ogre mage, wielding a +0 broad axe and wearing a +0
                  | robe (sparse dust, lightly wounded, slightly transparent,
                  | about 20% to evade the +8 demon trident "Rift")
 13470 | D:13     | Aim: an ogre mage, wielding a +0 broad axe and wearing a +0
                  | robe (sparse dust, lightly wounded, slightly transparent,
                  | about 20% to evade the +8 demon trident "Rift")
 13473 | D:13     | Aim: an ogre mage, wielding a +0 broad axe and wearing a +0
                  | robe (heavily wounded, slightly transparent, about 20% to
                  | evade the +8 demon trident "Rift")
 13473 | D:13     | Aim: an ogre mage, wielding a +0 broad axe and wearing a +0
                  | robe (heavily wounded, slightly transparent, about 20% to
                  | evade the +8 demon trident "Rift")
 13474 | D:13     | Aim: an ogre mage, wielding a +0 broad axe and wearing a +0
                  | robe (heavily wounded, slightly transparent, about 20% to
                  | evade the +8 demon trident "Rift")
 13474 | D:13     | Aim: an ogre mage, wielding a +0 broad axe and wearing a +0
                  | robe (heavily wounded, slightly transparent, about 20% to
                  | evade the +8 demon trident "Rift")
 13522 | D:13     | Reached skill level 9 in Invocations
 14183 | D:13     | Reached skill level 1 in Bows
 14324 | D:13     | Found a gate to the Vaults.
 14776 | D:14     | Reached skill level 13 in Shields
 14790 | D:14     | Reached skill level 2 in Bows
 14794 | D:14     | Reached skill level 12 in Fighting
 14794 | D:14     | Reached skill level 12 in Armour
 14818 | D:14     | Aim: a centaur warrior, wielding a +0 shortbow and
                  | quivering arrows (almost dead, about 22% to evade the +8
                  | demon trident "Rift")
 14818 | D:14     | Aim: a centaur warrior, wielding a +0 shortbow and
                  | quivering arrows (almost dead, about 22% to evade the +8
                  | demon trident "Rift")
 14822 | D:14     | Reached XP level 15. HP: 83/120 MP: 13/22
 14822 | D:14     | Aim: a centaur, wielding a +0 shortbow and quivering arrows
                  | (about 19% to evade the +8 demon trident "Rift")
 14822 | D:14     | Aim: a centaur, wielding a +0 shortbow and quivering arrows
                  | (about 19% to evade the +8 demon trident "Rift")
 14823 | D:14     | Aim: a centaur, wielding a +0 shortbow and quivering arrows
                  | (almost dead, about 19% to evade the +8 demon trident
                  | "Rift")
 14823 | D:14     | Aim: a centaur, wielding a +0 shortbow and quivering arrows
                  | (almost dead, about 19% to evade the +8 demon trident
                  | "Rift")
 14834 | D:14     | Reached skill level 10 in Invocations
 15141 | D:14     | Found Hoycuy's Book Boutique.
 15367 | D:14     | Found a transporter.
 15447 | D:14     | Found a transporter.
 15682 | D:14     | Found Esisimn's Book Shoppe.
 15800 | D:15     | Entered Level 15 of the Dungeon
 15823 | D:15     | Reached skill level 3 in Bows
 16309 | D:15     | Reached skill level 4 in Bows
 16362 | D:15     | Reached skill level 11 in Invocations
 16417 | D:15     | Found a staircase to the Depths.
 16477 | D:15     | Noticed Josephine
 16496 | D:15     | Banished Josephine
 16520 | D:15     | Reached skill level 14 in Shields
 16635 | D:15     | Reached skill level 13 in Fighting
 16715 | D:15     | You pick up a book of the Dragon and begin reading...
 16715 | D:15     | You add the spells Cause Fear, Dragon Form and Dragon's
                  | Call to your library.
 17014 | Lair:1   | Entered Level 1 of the Lair of Beasts
 17046 | Lair:1   | Reached skill level 13 in Armour
 17047 | Lair:1   | Reached XP level 16. HP: 117/130 MP: 15/24
 17194 | Lair:1   | Identified the +8 trident of the Thirsty Lies {vorpal, rF+
                  | rC+ rN++ Dex-5}
 17349 | Lair:1   | Found a glowing silver altar of Zin.
 17352 | Lair:1   | Identified the +2 robe of the Eternal Void {SInv}
 17829 | Lair:2   | Found a hole to the Spider Nest.
 17959 | Lair:2   | Reached skill level 5 in Bows
 18036 | Lair:2   | Identified the +0 ring mail "Jibbeupn" {rElec Dex+3 Stlth-}
 18139 | Lair:2   | Identified the +8 hunting sling "Odiuv" {freeze, rElec rF+
                  | Str+4 SInv}
 18283 | Lair:2   | Found a staircase to the Shoals.
 18856 | Lair:3   | Reached ****** piety under Qazlal
 19437 | Lair:3   | You pick up a book of Misfortune and begin reading...
 19554 | Lair:4   | Reached skill level 12 in Invocations
 20382 | Lair:4   | Identified the +8 long sword "Juohe" {elec, Fragile +Blink
                  | Str+9}
 20932 | Lair:5   | Reached skill level 13 in Invocations
 20971 | Lair:5   | Reached skill level 14 in Polearms
 21225 | Lair:5   | Noticed Kirke
 21232 | Lair:5   | Killed Kirke
 21233 | Lair:5   | Reached skill level 14 in Invocations
 21233 | Lair:5   | Reached XP level 17. HP: 138/138 MP: 18/27
 21913 | Lair:6   | Entered Level 6 of the Lair of Beasts
 21937 | Lair:6   | Reached skill level 15 in Shields
 22158 | Lair:6   | Reached skill level 14 in Fighting
 22258 | Lair:6   | Reached skill level 14 in Armour
 22269 | Lair:6   | Found a staircase to the Slime Pits.
 22269 | Lair:6   | Found a viscous altar of Jiyva.
 22283 | Lair:6   | Reached skill level 15 in Invocations
 22742 | Lair:6   | Reached skill level 16 in Invocations
 23504 | Orc:1    | Entered Level 1 of the Orcish Mines
 23520 | Orc:1    | Noticed Erolcha
 23528 | Orc:1    | Aim: an orc knight, wielding a +0 great mace and wearing a
                  | +0 chain mail (heavily wounded, strong, about 28% to evade
                  | the +8 demon trident "Rift")
 23528 | Orc:1    | Aim: an orc knight, wielding a +0 great mace and wearing a
                  | +0 chain mail (heavily wounded, strong, about 28% to evade
                  | the +8 demon trident "Rift")
 23529 | Orc:1    | Aim: an orc knight, wielding a +0 great mace and wearing a
                  | +0 chain mail (heavily wounded, strong, about 27% to evade
                  | the +8 demon trident "Rift")
 23529 | Orc:1    | Aim: an orc knight, wielding a +0 great mace and wearing a
                  | +0 chain mail (heavily wounded, strong, about 27% to evade
                  | the +8 demon trident "Rift")
 23530 | Orc:1    | Aim: Erolcha, wielding a +0 giant spiked club and wearing a
                  | +1 robe of positive energy (slightly transparent, about 18%
                  | to evade the +8 demon trident "Rift")
 23530 | Orc:1    | Aim: Erolcha, wielding a +0 giant spiked club and wearing a
                  | +1 robe of positive energy (slightly transparent, about 18%
                  | to evade the +8 demon trident "Rift")
 23531 | Orc:1    | Aim: Erolcha, wielding a +0 giant spiked club and wearing a
                  | +1 robe of positive energy (flame, moderately wounded,
                  | slightly transparent, about 18% to evade the +8 demon
                  | trident "Rift")
 23531 | Orc:1    | Aim: Erolcha, wielding a +0 giant spiked club and wearing a
                  | +1 robe of positive energy (flame, moderately wounded,
                  | slightly transparent, about 18% to evade the +8 demon
                  | trident "Rift")
 23532 | Orc:1    | Aim: Erolcha, wielding a +0 giant spiked club and wearing a
                  | +1 robe of positive energy (flame, heavily wounded,
                  | slightly transparent, about 19% to evade the +8 demon
                  | trident "Rift")
 23532 | Orc:1    | Aim: Erolcha, wielding a +0 giant spiked club and wearing a
                  | +1 robe of positive energy (flame, heavily wounded,
                  | slightly transparent, about 18% to evade the +8 demon
                  | trident "Rift")
 23533 | Orc:1    | Aim: Erolcha, wielding a +0 giant spiked club and wearing a
                  | +1 robe of positive energy (flame, almost dead, slightly
                  | transparent, about 18% to evade the +8 demon trident
                  | "Rift")
 23533 | Orc:1    | Aim: Erolcha, wielding a +0 giant spiked club and wearing a
                  | +1 robe of positive energy (flame, almost dead, slightly
                  | transparent, about 19% to evade the +8 demon trident
                  | "Rift")
 23534 | Orc:1    | Aim: Erolcha, wielding a +0 giant spiked club and wearing a
                  | +1 robe of positive energy (almost dead, slightly
                  | transparent, about 18% to evade the +8 demon trident
                  | "Rift")
 23534 | Orc:1    | Aim: Erolcha, wielding a +0 giant spiked club and wearing a
                  | +1 robe of positive energy (almost dead, slightly
                  | transparent, about 18% to evade the +8 demon trident
                  | "Rift")
 23535 | Orc:1    | Aim: Erolcha, wielding a +0 giant spiked club and wearing a
                  | +1 robe of positive energy (almost dead, slightly
                  | transparent, about 18% to evade the +8 demon trident
                  | "Rift")
 23535 | Orc:1    | Aim: Erolcha, wielding a +0 giant spiked club and wearing a
                  | +1 robe of positive energy (almost dead, slightly
                  | transparent, about 19% to evade the +8 demon trident
                  | "Rift")
 23535 | Orc:1    | Killed Erolcha
 23536 | Orc:1    | Aim: an orc priest, wielding a +1 trident of protection
                  | (strong, about 25% to evade the +8 demon trident "Rift")
 23536 | Orc:1    | Aim: an orc priest, wielding a +1 trident of protection
                  | (strong, about 25% to evade the +8 demon trident "Rift")
 23537 | Orc:1    | Aim: an orc knight, wielding a +0 great mace and wearing a
                  | +0 chain mail (severely wounded, strong, about 27% to evade
                  | the +8 demon trident "Rift")
 23537 | Orc:1    | Aim: an orc knight, wielding a +0 great mace and wearing a
                  | +0 chain mail (severely wounded, strong, about 27% to evade
                  | the +8 demon trident "Rift")
 23538 | Orc:1    | Aim: an orc knight, wielding a +0 great mace and wearing a
                  | +0 chain mail (severely wounded, strong, about 27% to evade
                  | the +8 demon trident "Rift")
 23538 | Orc:1    | Aim: an orc knight, wielding a +0 great mace and wearing a
                  | +0 chain mail (severely wounded, strong, about 27% to evade
                  | the +8 demon trident "Rift")
 23539 | Orc:1    | Aim: an orc knight, wielding a +0 great mace and wearing a
                  | +0 chain mail (severely wounded, strong, about 27% to evade
                  | the +8 demon trident "Rift")
 23539 | Orc:1    | Aim: an orc knight, wielding a +0 great mace and wearing a
                  | +0 chain mail (severely wounded, strong, about 27% to evade
                  | the +8 demon trident "Rift")
 23540 | Orc:1    | Aim: an orc knight, wielding a +0 great mace and wearing a
                  | +0 chain mail (severely wounded, about 28% to evade the +8
                  | demon trident "Rift")
 23540 | Orc:1    | Aim: an orc knight, wielding a +0 great mace and wearing a
                  | +0 chain mail (severely wounded, about 28% to evade the +8
                  | demon trident "Rift")
 23541 | Orc:1    | Aim: an orc knight, wielding a +0 great mace and wearing a
                  | +0 chain mail (severely wounded, about 27% to evade the +8
                  | demon trident "Rift")
 23541 | Orc:1    | Aim: an orc knight, wielding a +0 great mace and wearing a
                  | +0 chain mail (severely wounded, about 27% to evade the +8
                  | demon trident "Rift")
 23580 | Orc:1    | Found a dark tunnel.
 23586 | Volcano  | Entered a volcano
 24755 | Orc:2    | Entered Level 2 of the Orcish Mines
 24942 | Orc:2    | Reached skill level 17 in Invocations
 25120 | Orc:2    | Aim: a centaur, wielding a +0 shortbow and quivering arrows
                  | (about 18% to evade the +8 demon trident "Rift")
 25120 | Orc:2    | Aim: a centaur, wielding a +0 shortbow and quivering arrows
                  | (about 18% to evade the +8 demon trident "Rift")
 25121 | Orc:2    | Aim: an orc, wielding a +0 arbalest and quivering bolts
                  | (about 26% to evade the +8 demon trident "Rift")
 25121 | Orc:2    | Aim: an orc, wielding a +0 arbalest and quivering bolts
                  | (about 26% to evade the +8 demon trident "Rift")
 25131 | Orc:2    | Aim: a centaur, wielding a +0 shortbow and quivering arrows
                  | (about 18% to evade the +8 demon trident "Rift")
 25131 | Orc:2    | Aim: a centaur, wielding a +0 shortbow and quivering arrows
                  | (about 19% to evade the +8 demon trident "Rift")
 25132 | Orc:2    | Aim: a centaur, wielding a +0 shortbow and quivering arrows
                  | (about 18% to evade the +8 demon trident "Rift")
 25132 | Orc:2    | Aim: a centaur, wielding a +0 shortbow and quivering arrows
                  | (about 18% to evade the +8 demon trident "Rift")
 25133 | Orc:2    | Aim: a centaur, wielding a +0 shortbow and quivering arrows
                  | (about 18% to evade the +8 demon trident "Rift")
 25133 | Orc:2    | Aim: a centaur, wielding a +0 shortbow and quivering arrows
                  | (about 18% to evade the +8 demon trident "Rift")
 25134 | Orc:2    | Aim: a centaur, wielding a +0 shortbow and quivering arrows
                  | (translocational energy, lightly wounded, about 18% to
                  | evade the +8 demon trident "Rift")
 25134 | Orc:2    | Aim: a centaur, wielding a +0 shortbow and quivering arrows
                  | (translocational energy, lightly wounded, about 18% to
                  | evade the +8 demon trident "Rift")
 25135 | Orc:2    | Aim: a centaur, wielding a +0 shortbow and quivering arrows
                  | (moderately wounded, about 19% to evade the +8 demon
                  | trident "Rift")
 25135 | Orc:2    | Aim: a centaur, wielding a +0 shortbow and quivering arrows
                  | (moderately wounded, about 18% to evade the +8 demon
                  | trident "Rift")
 25136 | Orc:2    | Aim: a centaur, wielding a +0 shortbow and quivering arrows
                  | (moderately wounded, about 19% to evade the +8 demon
                  | trident "Rift")
 25136 | Orc:2    | Aim: a centaur, wielding a +0 shortbow and quivering arrows
                  | (moderately wounded, about 18% to evade the +8 demon
                  | trident "Rift")
 25137 | Orc:2    | Aim: a centaur, wielding a +0 shortbow and quivering arrows
                  | (about 18% to evade the +8 demon trident "Rift")
 25137 | Orc:2    | Aim: a centaur, wielding a +0 shortbow and quivering arrows
                  | (about 18% to evade the +8 demon trident "Rift")
 25138 | Orc:2    | Aim: a centaur, wielding a +2 shortbow of freezing and
                  | quivering arrows (translocational energy, about 18% to
                  | evade the +8 demon trident "Rift")
 25138 | Orc:2    | Aim: a centaur, wielding a +2 shortbow of freezing and
                  | quivering arrows (translocational energy, about 18% to
                  | evade the +8 demon trident "Rift")
 25139 | Orc:2    | Aim: a centaur warrior, wielding a +0 shortbow and
                  | quivering arrows (about 21% to evade the +8 demon trident
                  | "Rift")
 25139 | Orc:2    | Aim: a centaur warrior, wielding a +0 shortbow and
                  | quivering arrows (about 21% to evade the +8 demon trident
                  | "Rift")
 25140 | Orc:2    | Aim: a centaur warrior, wielding a +0 shortbow and
                  | quivering arrows (severely wounded, about 21% to evade the
                  | +8 demon trident "Rift")
 25140 | Orc:2    | Aim: a centaur warrior, wielding a +0 shortbow and
                  | quivering arrows (severely wounded, about 21% to evade the
                  | +8 demon trident "Rift")
 25141 | Orc:2    | Aim: a centaur warrior, wielding a +0 shortbow and
                  | quivering arrows (severely wounded, about 21% to evade the
                  | +8 demon trident "Rift")
 25141 | Orc:2    | Aim: a centaur warrior, wielding a +0 shortbow and
                  | quivering arrows (severely wounded, about 21% to evade the
                  | +8 demon trident "Rift")
 25142 | Orc:2    | Aim: a centaur, wielding a +0 shortbow and quivering arrows
                  | (almost dead, about 18% to evade the +8 demon trident
                  | "Rift")
 25142 | Orc:2    | Aim: a centaur, wielding a +0 shortbow and quivering arrows
                  | (almost dead, about 18% to evade the +8 demon trident
                  | "Rift")
 25143 | Orc:2    | Aim: a centaur, wielding a +2 shortbow of freezing and
                  | quivering arrows (heavily wounded, about 19% to evade the
                  | +8 demon trident "Rift")
 25143 | Orc:2    | Aim: a centaur, wielding a +2 shortbow of freezing and
                  | quivering arrows (heavily wounded, about 19% to evade the
                  | +8 demon trident "Rift")
 25146 | Orc:2    | Aim: an orc warrior, wielding a +0 arbalest and quivering
                  | bolts (about 32% to evade the +8 demon trident "Rift")
 25146 | Orc:2    | Aim: an orc warrior, wielding a +0 arbalest and quivering
                  | bolts (about 32% to evade the +8 demon trident "Rift")
 25147 | Orc:2    | Aim: a centaur, wielding a +0 shortbow and quivering arrows
                  | (translocational energy, severely wounded, about 18% to
                  | evade the +8 demon trident "Rift")
 25147 | Orc:2    | Aim: a centaur, wielding a +0 shortbow and quivering arrows
                  | (translocational energy, severely wounded, about 18% to
                  | evade the +8 demon trident "Rift")
 25431 | Orc:2    | Found Ucaoxtou's Antique Armour Boutique.
 25431 | Orc:2    | Found Qomebb's Weapon Shoppe.
 25435 | Orc:2    | Found Miklav's Magic Scroll Shop.
 25437 | Orc:2    | Found Qelag's Armour Emporium.
 25757 | Orc:2    | Found a staircase to the Elven Halls.
 25763 | Orc:2    | Reached XP level 18. HP: 147/147 MP: 21/30
 25882 | Orc:2    | You are cast into the Abyss!
 25882 | Orc:2    | Cast into level 3 of the Abyss (unwielding a weapon of
                  | distortion)
 25882 | Abyss:3  | Found a corrupted altar of Lugonu.
 26109 | Orc:2    | You pass through the gate.
 26109 | Orc:2    | Escaped the Abyss
 26442 | Orc:2    | Bought the +8 glaive of the Guard {elec, spectral, AC+5}
                  | for 1178 gold pieces
 26442 | Orc:2    | Found the +8 glaive of the Guard {elec, spectral, AC+5}
 26443 | Orc:2    | You are cast into the Abyss!
 26443 | Orc:2    | Cast into level 3 of the Abyss (unwielding a weapon of
                  | distortion)
 26443 | Abyss:3  | Found a corrupted altar of Lugonu.
 26517 | Abyss:3  | Reached skill level 15 in Polearms
 26533 | Abyss:3  | Reached skill level 18 in Invocations
 26544 | Abyss:3  | Reached skill level 15 in Fighting
 26562 | Abyss:3  | Reached skill level 15 in Armour
 26567 | Orc:2    | You pass through the gate.
 26567 | Orc:2    | Escaped the Abyss
 26883 | Spider:1 | Entered Level 1 of the Spider Nest
 26924 | Spider:1 | Identified Roxanne's Incunabulum of Earth
 26924 | Spider:1 | Noticed Roxanne
 27072 | Spider:1 | HP: 34/149 [poisoned by a redback]
 27448 | Spider:1 | You pick up a book of Flames and begin reading...
 27783 | Spider:1 | Identified the Collected Works on the Blistering Snowflakes
 27784 | Spider:1 | You add the spells Ignite Poison, Ozocubu's Armour and
                  | Hailstorm to your library.
 28606 | Spider:1 | Killed Roxanne
 28609 | Spider:1 | You add the spells Sandblast, Passwall, Bolt of Magma,
                  | Borgnjor's Vile Clutch and Statue Form to your library.
 28854 | D:14     | Bought a manual of Bows for 1435 gold pieces
 29087 | Shoals:1 | Entered Level 1 of the Shoals
 29132 | Shoals:1 | Aim: a merfolk impaler, wielding a +0 trident and wearing a
                  | +0 leather armour (about 47% to evade the +8 glaive of the
                  | Guard)
 29132 | Shoals:1 | Aim: a merfolk impaler, wielding a +0 trident and wearing a
                  | +0 leather armour (about 48% to evade the +8 glaive of the
                  | Guard)
 29133 | Shoals:1 | Aim: a merfolk impaler, wielding a +0 trident and wearing a
                  | +0 leather armour (heavily wounded, about 48% to evade the
                  | +8 glaive of the Guard)
 29133 | Shoals:1 | Aim: a merfolk impaler, wielding a +0 trident and wearing a
                  | +0 leather armour (heavily wounded, about 47% to evade the
                  | +8 glaive of the Guard)
 29134 | Shoals:1 | Aim: a merfolk impaler, wielding a +0 trident and wearing a
                  | +0 leather armour (sparse dust, heavily wounded, about 47%
                  | to evade the +8 glaive of the Guard)
 29134 | Shoals:1 | Aim: a merfolk impaler, wielding a +0 trident and wearing a
                  | +0 leather armour (sparse dust, heavily wounded, about 47%
                  | to evade the +8 glaive of the Guard)
 29135 | Shoals:1 | Aim: a merfolk impaler, wielding a +0 trident and wearing a
                  | +0 leather armour (sparse dust, severely wounded, about 47%
                  | to evade the +8 glaive of the Guard)
 29135 | Shoals:1 | Aim: a merfolk impaler, wielding a +0 trident and wearing a
                  | +0 leather armour (sparse dust, severely wounded, about 47%
                  | to evade the +8 glaive of the Guard)
 29138 | Shoals:1 | Aim: a merfolk, wielding a +0 trident of venom and
                  | quivering boomerangs (sparse dust, about 33% to evade the
                  | +8 glaive of the Guard)
 29138 | Shoals:1 | Aim: a merfolk, wielding a +0 trident of venom and
                  | quivering boomerangs (sparse dust, about 33% to evade the
                  | +8 glaive of the Guard)
 29139 | Shoals:1 | Aim: a merfolk, wielding a +0 trident of venom and
                  | quivering boomerangs (about 33% to evade the +8 glaive of
                  | the Guard)
 29139 | Shoals:1 | Aim: a merfolk, wielding a +0 trident of venom and
                  | quivering boomerangs (about 33% to evade the +8 glaive of
                  | the Guard)
 29140 | Shoals:1 | Aim: a merfolk, wielding a +0 trident of venom and
                  | quivering boomerangs (heavily wounded, about 32% to evade
                  | the +8 glaive of the Guard)
 29140 | Shoals:1 | Aim: a merfolk, wielding a +0 trident of venom and
                  | quivering boomerangs (heavily wounded, about 32% to evade
                  | the +8 glaive of the Guard)
 29144 | Shoals:1 | Aim: a merfolk, wielding a +0 trident of distortion (about
                  | 32% to evade the +8 glaive of the Guard)
 29144 | Shoals:1 | Aim: a merfolk, wielding a +0 trident of distortion (about
                  | 33% to evade the +8 glaive of the Guard)
 29145 | Shoals:1 | Aim: a merfolk, wielding a +0 trident of distortion
                  | (lightly wounded, about 32% to evade the +8 glaive of the
                  | Guard)
 29145 | Shoals:1 | Aim: a merfolk, wielding a +0 trident of distortion
                  | (lightly wounded, about 32% to evade the +8 glaive of the
                  | Guard)
 29146 | Shoals:1 | Aim: a merfolk, wielding a +0 trident of distortion (almost
                  | dead, about 32% to evade the +8 glaive of the Guard)
 29146 | Shoals:1 | Aim: a merfolk, wielding a +0 trident of distortion (almost
                  | dead, about 32% to evade the +8 glaive of the Guard)
 29386 | Shoals:1 | You add the spells Sting, Poisonous Vapours and Olgreb's
                  | Toxic Radiance to your library.
 29434 | Shoals:1 | Reached skill level 6 in Bows
 29521 | Shoals:1 | Reached XP level 19. HP: 154/155 MP: 23/32
 29853 | Shoals:1 | Found a runed translucent gate.
 29854 | Shoals:1 | Found a runed translucent gate.
 29855 | Shoals:1 | Found a runed translucent gate.
 29858 | Shoals:1 | Noticed Goiruwuw's ghost (adept MiGl)
 30140 | Shoals:1 | Killed Goiruwuw's ghost
 30385 | Shoals:2 | HP: 24/155 [merfolk aquamancer/torrent of water (21)]
 30387 | Shoals:2 | Aim: a merfolk aquamancer, wielding a +0 rapier and wearing
                  | a +0 robe (heavily wounded, about 33% to evade the +8
                  | glaive of the Guard)
 31552 | Shoals:2 | Reached skill level 7 in Bows
 31556 | Shoals:2 | Identified the +0 ring mail "Zumaaptu" {Str+3}
 31653 | Shoals:2 | Identified the +6 mace "Eppoyps" {venom, *Rage rC++ Will+++
                  | Dex+2}
 32115 | Shoals:3 | Reached skill level 19 in Invocations
 32437 | Shoals:3 | Noticed Polyphemus
 32460 | Shoals:3 | Killed Polyphemus
 32606 | Shoals:3 | Noticed Donald
 32618 | Shoals:3 | Killed Donald
 32622 | Shoals:3 | Reached skill level 8 in Bows
 33042 | Shoals:3 | You pick up a book of Clouds and begin reading...
 33137 | Shoals:3 | Reached skill level 16 in Fighting
 33446 | Shoals:4 | Entered Level 4 of the Shoals
 33477 | Shoals:4 | Reached skill level 16 in Armour
 33690 | Shoals:4 | Reached skill level 16 in Polearms
 33881 | Shoals:4 | Reached XP level 20. HP: 158/164 MP: 24/33
 33955 | Shoals:4 | HP: 28/165 [water nymph/the raging water (23)]
 33961 | Shoals:4 | HP: 31/165 [manticore/volley of spikes (4)]
 33966 | Shoals:4 | HP: 30/165 [barbs]
 34480 | Shoals:4 | Identified the +7 halberd of Boogerab {freeze, Fly rC+
                  | Int+5}
 34500 | Shoals:4 | Reached skill level 9 in Bows
 34976 | Shoals:4 | Identified the Almanac of Darkness and Toxins
 34977 | Shoals:4 | You add the spells Sublimation of Blood and Animate Dead to
                  | your library.
 35230 | Shoals:4 | Aim: a merfolk impaler, wielding a +0 trident and wearing a
                  | +0 leather armour (about 45% to evade the +8 glaive of the
                  | Guard)
 35230 | Shoals:4 | Aim: a merfolk impaler, wielding a +0 trident and wearing a
                  | +0 leather armour (about 45% to evade the +8 glaive of the
                  | Guard)
 35231 | Shoals:4 | Aim: a merfolk impaler, wielding a +0 trident and wearing a
                  | +0 leather armour (moderately wounded, about 45% to evade
                  | the +8 glaive of the Guard)
 35231 | Shoals:4 | Aim: a merfolk impaler, wielding a +0 trident and wearing a
                  | +0 leather armour (moderately wounded, about 45% to evade
                  | the +8 glaive of the Guard)
 35232 | Shoals:4 | Aim: a merfolk javelineer, wielding a +0 spear, wearing a
                  | +0 leather armour and quivering silver javelins (about 35%
                  | to evade the +8 glaive of the Guard)
 35232 | Shoals:4 | Aim: a merfolk javelineer, wielding a +0 spear, wearing a
                  | +0 leather armour and quivering silver javelins (about 35%
                  | to evade the +8 glaive of the Guard)
 35233 | Shoals:4 | Aim: a merfolk javelineer, wielding a +0 spear, wearing a
                  | +0 leather armour and quivering silver javelins (moderately
                  | wounded, about 35% to evade the +8 glaive of the Guard)
 35233 | Shoals:4 | Aim: a merfolk javelineer, wielding a +0 spear, wearing a
                  | +0 leather armour and quivering silver javelins (moderately
                  | wounded, about 36% to evade the +8 glaive of the Guard)
 35234 | Shoals:4 | Aim: a merfolk javelineer, wielding a +0 spear, wearing a
                  | +0 leather armour and quivering silver javelins (heavily
                  | wounded, about 36% to evade the +8 glaive of the Guard)
 35234 | Shoals:4 | Aim: a merfolk javelineer, wielding a +0 spear, wearing a
                  | +0 leather armour and quivering silver javelins (heavily
                  | wounded, about 35% to evade the +8 glaive of the Guard)
 35235 | Shoals:4 | Aim: a merfolk javelineer, wielding a +0 spear, wearing a
                  | +0 leather armour and quivering silver javelins (almost
                  | dead, about 35% to evade the +8 glaive of the Guard)
 35235 | Shoals:4 | Aim: a merfolk javelineer, wielding a +0 spear, wearing a
                  | +0 leather armour and quivering silver javelins (almost
                  | dead, about 35% to evade the +8 glaive of the Guard)
 35629 | Shoals:4 | Noticed Nikola
 35643 | Shoals:4 | Killed Nikola
 35739 | Shoals:4 | Got a barnacled rune of Zot
 36093 | Vaults:1 | Entered Level 1 of the Vaults
 36846 | Vaults:1 | Reached skill level 10 in Bows
 37733 | Vaults:2 | Reached XP level 21. HP: 168/173 MP: 25/34
 37737 | Vaults:2 | Reached skill level 20 in Invocations
 38134 | Vaults:2 | Reached skill level 17 in Fighting
 38155 | Vaults:2 | Aim: a yaktaur, wielding a +0 arbalest and quivering bolts
                  | (thunder, heavily wounded, about 12% to evade the +8 glaive
                  | of the Guard)
 38155 | Vaults:2 | Aim: a yaktaur, wielding a +0 arbalest and quivering bolts
                  | (thunder, heavily wounded, about 13% to evade the +8 glaive
                  | of the Guard)
 38161 | Vaults:2 | Aim: a vault sentinel, wielding a +0 long sword and wearing
                  | a +0 ring mail (sparse dust, about 31% to evade the +8
                  | glaive of the Guard)
 38161 | Vaults:2 | Aim: a vault sentinel, wielding a +0 long sword and wearing
                  | a +0 ring mail (sparse dust, about 31% to evade the +8
                  | glaive of the Guard)
 38162 | Vaults:2 | Aim: a vault sentinel, wielding a +0 long sword and wearing
                  | a +0 ring mail (sparse dust, about 31% to evade the +8
                  | glaive of the Guard)
 38162 | Vaults:2 | Aim: a vault sentinel, wielding a +0 long sword and wearing
                  | a +0 ring mail (sparse dust, about 31% to evade the +8
                  | glaive of the Guard)
 38163 | Vaults:2 | Aim: a vault sentinel, wielding a +0 long sword and wearing
                  | a +0 ring mail (almost dead, about 31% to evade the +8
                  | glaive of the Guard)
 38163 | Vaults:2 | Aim: a vault sentinel, wielding a +0 long sword and wearing
                  | a +0 ring mail (almost dead, about 31% to evade the +8
                  | glaive of the Guard)
 38222 | Vaults:2 | Reached skill level 11 in Bows
 38222 | Vaults:2 | Reached skill level 17 in Armour
 38659 | Vaults:2 | Found a staircase to the Crypt.
 38814 | Vaults:2 | Aim: a wizard, wielding a +0 dagger and wearing a +0 robe
                  | (about 34% to evade the +8 glaive of the Guard)
 38814 | Vaults:2 | Aim: a wizard, wielding a +0 dagger and wearing a +0 robe
                  | (about 34% to evade the +8 glaive of the Guard)
 38815 | Vaults:2 | Aim: a wizard, wielding a +0 dagger and wearing a +0 robe
                  | (about 34% to evade the +8 glaive of the Guard)
 38815 | Vaults:2 | Aim: a wizard, wielding a +0 dagger and wearing a +0 robe
                  | (about 33% to evade the +8 glaive of the Guard)
 38816 | Vaults:2 | Aim: a wizard, wielding a +0 dagger and wearing a +0 robe
                  | (moderately wounded, ally target, about 33% to evade the +8
                  | glaive of the Guard)
 38816 | Vaults:2 | Aim: a wizard, wielding a +0 dagger and wearing a +0 robe
                  | (moderately wounded, ally target, about 33% to evade the +8
                  | glaive of the Guard)
 38817 | Vaults:2 | Aim: a yaktaur, wielding a +0 arbalest and quivering bolts
                  | (thunder, lightly wounded, about 12% to evade the +8 glaive
                  | of the Guard)
 38817 | Vaults:2 | Aim: a yaktaur, wielding a +0 arbalest and quivering bolts
                  | (thunder, lightly wounded, about 12% to evade the +8 glaive
                  | of the Guard)
 38988 | Vaults:2 | Reached skill level 17 in Polearms
 40198 | Vaults:3 | Reached XP level 22. HP: 176/182 MP: 27/36
 40261 | Vaults:3 | Reached skill level 12 in Bows
 41419 | Vaults:4 | Acquired 453 gold pieces
 42107 | Vaults:4 | Found a transporter.
 42110 | Vaults:4 | Noticed an ancient lich
 42118 | Vaults:4 | Found a transporter.
 42617 | Depths:1 | Entered Level 1 of the Depths
 42638 | Depths:1 | Reached skill level 18 in Fighting
 42650 | Depths:1 | Reached skill level 21 in Invocations
 42664 | D:15     | HP: 41/184 [disintegration (10)]
 43140 | Depths:1 | Reached skill level 18 in Armour
 43326 | Depths:1 | Found a gateway to a ziggurat.
 43682 | Depths:1 | You pick up a book of Frost and begin reading...
 43682 | Depths:1 | You add the spells Freeze and Frozen Ramparts to your
                  | library.
 43910 | Depths:1 | Found a gateway to Hell.
 44090 | Depths:1 | Found a one-way gate to the infinite horrors of the Abyss.
 44121 | Depths:1 | Identified the +2 leather armour "Nicvawex" {+Blink Fly
                  | Dex+3}
 44249 | Depths:2 | Reached XP level 23. HP: 175/190 MP: 28/37
 44779 | Depths:2 | Found a bloodstained altar of Trog.
 45004 | Depths:2 | Identified the +6 dagger of Contradiction {antimagic, rF+
                  | Str-4 Int+3 Stlth+}
 45098 | Depths:2 | Reached skill level 18 in Polearms
 45415 | Depths:3 | Found a one-way gate leading to the halls of Pandemonium.
 45636 | Depths:3 | Reached skill level 13 in Bows
 45973 | Depths:3 | Identified the ring "Xalu" {Will+ Int+6}
 46039 | Depths:3 | Noticed a caustic shrike
 46044 | Depths:3 | Killed a caustic shrike
 46426 | Depths:3 | You pick up a book of the Sky and begin reading...
 46426 | Depths:3 | You add the spells Summon Lightning Spire, Silence and
                  | Conjure Ball Lightning to your library.
 46638 | Depths:3 | Reached XP level 24. HP: 125/200 MP: 28/37
 46653 | Depths:3 | Identified the ring "Ixonof" {rF+ Int+4}
 46658 | Depths:3 | HP: 44/200 [frost giant/bolt of cold (52)]
 47203 | Depths:3 | Reached skill level 19 in Fighting
 47424 | Depths:3 | Identified the +3 scimitar of Zehos {vorpal, Stlth+}
 48286 | Depths:4 | Reached skill level 19 in Armour
 48352 | Depths:4 | Reached skill level 22 in Invocations
 48834 | Depths:4 | Noticed a golden dragon
 48844 | Depths:4 | Killed a golden dragon
 49100 | Depths:4 | Noticed a juggernaut
 49109 | Depths:4 | Killed a juggernaut
 49523 | Depths:4 | You pick up a book of Fire and begin reading...
 49523 | Depths:4 | You add the spells Starburst and Ignition to your library.
 49525 | Depths:4 | You pick up a book of Fire and begin reading...
 50329 | Depths:5 | Entered Level 5 of the Depths
 50512 | Depths:5 | Found an ornate altar of the Wu Jian Council.
 50542 | Depths:5 | Noticed a golden dragon
 50561 | Depths:5 | HP: 45/199 [spriggan berserker/+2 antimagic hand axe (24)]
 50566 | Depths:5 | HP: 13/202 [spriggan berserker/+2 antimagic hand axe (12)]
 50569 | Depths:5 | Slain by a jiangshi

Vanquished Creatures
  A juggernaut (Depths:4)
  A caustic shrike (Depths:3)
  Nikola (Shoals:4)
  A golden dragon (Depths:4)
  5 tentacled monstrosities
  4 liches
  2 sphinxes
  Polyphemus (Shoals:3)
  2 tentacled starspawn (Abyss:3)
  The ghost of Goiruwuw the Fencer, an adept MiGl of Okawaru (Shoals:1)
  Kirke (Lair:5)
  4 tengu reavers
  A shadow dragon (Depths:4)
  Donald (Shoals:3)
  Roxanne (Spider:1)
  A revenant (Vaults:2)
  10 fire giants
  A daeva (Abyss:3)
  18 frost giants
  An iron dragon (Depths:5)
  8 vault wardens
  A caustic shrike zombie (Depths:3)
  A deep elf elementalist (Depths:4)
  A spriggan defender (Depths:3)
  A ghoul (Vaults:2)
  11 ironbound preservers
  A reaper (Depths:3)
  2 war gargoyles
  18 very ugly things
  A juggernaut skeleton (Depths:3)
  A vampire knight (Depths:4)
  13 stone giants
  3 dire elephants
  7 entropy weavers
  2 spark wasps (Depths:4)
  A green death (Abyss:3)
  2 deep elf death magi (Depths:4)
  A minotaur (Gauntlet)
  2 crystal guardians
  5 ettins
  A merfolk javelineer (Shoals:4)
  8 merfolk impalers
  8 fire dragons
  4 jiangshi
  4 ice dragons
  3 yaktaur captains
  10 rakshasas
  8 ironbound thunderhulks
  15 vault guards
  Harold (D:7)
  9 great orbs of eyes
  Erolcha (Orc:1)
  2 peacekeepers
  6 catoblepae
  6 boulder beetles
  5 spriggan air magi
  14 hydras
  3 ogre magi
  7 ironbound frosthearts
  2 death knights (D:15)
  5 merfolk avatars
  A merfolk aquamancer (Shoals:4)
  18 centaur warriors
  4 deep troll earth magi
  4 two-headed ogres
  5 deep troll shamans
  A tengu warrior (Depths:4)
  5 alligator snapping turtles (Shoals:4)
  4 hell hogs
  3 spriggan berserkers (Depths:3)
  11 death yaks
  3 satyrs (Shoals:4)
  4 vampire magi
  A dancing weapon (Abyss:3)
  6 ironbound beastmasters
  A hell knight (Depths:3)
  A deep elf knight (D:13)
  2 soul eaters (Depths:3)
  4 wretched stars (Abyss:3)
  2 sixfirhies (Gauntlet)
  26 deep trolls
  5 glowing orange brains
  A spriggan druid (Depths:3)
  2 flayed ghosts
  19 sea snakes
  7 wizards
  2 phantasmal warriors
  An anaconda skeleton (Abyss:3)
  10 lindwurms
  Pikel (D:7)
  16 ironbound convokers
  An orb spider (Spider:1)
  3 deep elf pyromancers
  2 deep elf zephyrmancers (Depths:2)
  38 harpies
  An orc sorcerer (D:13)
  6 orc knights
  7 necromancers
  8 wolf spiders
  6 cyclopes
  33 manticores
  A faun (Shoals:1)
  55 ugly things
  A stone giant zombie (Depths:3)
  13 vault sentinels
  6 merfolk sirens
  4 salamanders (Volcano)
  Maurice (D:8)
  A sphinx skeleton (Vaults:2)
  10 water nymphs
  A moth of wrath (Spider:1)
  A frost giant skeleton (Depths:1)
  A rust devil (Depths:3)
  2 black mambas (Lair:6)
  Joseph (D:8)
  2 centaur zombies (D:11)
  A guardian serpent (D:13)
  47 elephants
  2 gargoyles
  5 cane toads
  4 smoke demons (Abyss:3)
  2 spriggan zombies
  3 kobold demonologists
  A spectral sea snake (Shoals:1)
  4 rime drakes
  9 komodo dragons
  3 freezing wraiths
  A torpor snail (Lair:4)
  A tormentor (Abyss:3)
  A hellwing (Abyss:3)
  20 yaktaurs
  An efreet (D:15)
  2 elf skeletons
  A yaktaur skeleton (Vaults:2)
  A tengu conjurer (D:14)
  2 demonic crawlers (Spider:1)
  An ice devil (Depths:3)
  23 merfolk
  5 meliai (Abyss:3)
  4 trolls
  A queen bee (Abyss:3)
  An ancient zyme (Abyss:3)
  11 jumping spiders (Spider:1)
  8 polar bears
  2 tengu simulacra
  3 hornets
  9 wind drakes
  10 snapping turtles
  41 slime creatures
  A spectral manticore (Shoals:1)
  18 raiju (Abyss:3)
  13 blink frogs
  2 dream sheep
  A spectral wind drake (Shoals:1)
  3 shadows
  21 redbacks
  4 centaur simulacra
  An ettin skeleton (Depths:1)
  A fire giant simulacrum (Depths:1)
  7 tarantellas
  4 wraiths
  4 fire bats
  3 vampires
  21 water elementals
  6 wyverns
  A wyvern (shapeshifter) (D:13)
  A ynoxinul (Abyss:3)
  An elf zombie (Depths:3)
  2 spriggans
  2 steam dragons
  Grum (D:8)
  45 yaks
  6 basilisks
  Eustachio (D:6)
  2 neqoxecs (Abyss:3)
  A hog (Lair:5)
  3 large abominations (Abyss:3)
  A vampire mosquito (D:13)
  A chaos spawn (Abyss:3)
  5 wargs
  Menkaure (D:6)
  5 small abominations
  2 human zombies (Depths:3)
  21 water moccasins
  2 spectral snapping turtles (Shoals:1)
  6 acid dragons
  A hell hound (Volcano)
  A meliai simulacrum (Gauntlet)
  34 orc warriors
  A sky beast (D:8)
  3 ettin simulacra (Depths:2)
  5 ice beasts
  A necrophage (D:6)
  5 ogres
  16 wolves
  A lemure (D:7)
  28 centaurs
  A phantom (D:5)
  13 bullfrogs
  8 kobold brigands
  8 gnoll sergeants
  2 scorpions
  An oklob sapling (D:6)
  3 merfolk simulacra (Shoals:1)
  An electric eel (D:10)
  5 howler monkeys
  13 wights
  A human simulacrum (Vaults:2)
  A wyvern simulacrum (Gauntlet)
  8 starcursed masses (Abyss:3)
  A bullfrog zombie (D:5)
  5 hounds
  14 orc priests
  8 gnoll shamans
  2 jellies
  6 iguanas
  An iron imp (Abyss:3)
  Crazy Yiuf (D:6)
  A bullfrog skeleton (D:4)
  Ijyb (D:4)
  13 orc wizards
  A howler monkey zombie (D:8)
  A howler monkey skeleton (D:7)
  10 adders
  34 gnolls
  20 river rats
  2 white imps
  A howler monkey simulacrum (D:10)
  4 ufetubi
  2 adder skeletons (D:4)
  A dart slug (D:1)
  55 orcs
  7 ball pythons
  7 bats
  4 endoplasms
  3 giant cockroaches
  5 goblins
  10 hobgoblins
  3 jackals (D:2)
  24 kobolds
  4 quokkas
  7 frilled lizards
  30 rats
  4 starspawn tentacles (Abyss:3)
1540 creatures vanquished.

Vanquished Creatures (collateral kills)
  A merfolk aquamancer (Shoals:2)
  A wretched star (Abyss:3)
  A deep troll (Depths:1)
  An ugly thing (Depths:1)
  A hellion (Abyss:3)
  A jumping spider (Spider:1)
  A merfolk (Shoals:2)
  2 water elementals (Shoals:2)
9 creatures vanquished.

Vanquished Creatures (others)
  A wolf (D:8)
  2 centaurs
  An orc wizard (D:8)
  A howler monkey zombie (D:8)
  2 orcs
  76 fungi
  128 plants
  5 starspawn tentacles (Abyss:3)
216 creatures vanquished.

Grand Total: 1765 creatures vanquished

Table legend:
 A = Non-vault XP
 B = Vault XP
 C = Vault XP percentage of total XP
 D = Non-vault monster count
 E = Vault monster count
 F = Vault count percentage of total count
                 A         B        C        D         E       F
            +---------+---------+-------+---------+---------+-------
      Total |  432201 |  361502 |  45.5 |    1013 |     603 |  37.3
            +---------+---------+-------+---------+---------+-------
        D:1 |      29 |       0 |   0.0 |      15 |       0 |   0.0
        D:2 |      43 |       0 |   0.0 |      18 |       0 |   0.0
        D:3 |      44 |       0 |   0.0 |      16 |       0 |   0.0
        D:4 |     196 |      36 |  15.5 |      21 |       1 |   4.5
        D:5 |     601 |     216 |  26.4 |      11 |       2 |  15.4
        D:6 |     408 |    2381 |  85.4 |      13 |      33 |  71.7
        D:7 |    1733 |    1626 |  48.4 |      24 |       2 |   7.7
        D:8 |    1221 |    2095 |  63.2 |      21 |       7 |  25.0
        D:9 |    2334 |    2152 |  48.0 |      18 |      12 |  40.0
       D:10 |    1676 |    2093 |  55.5 |      17 |      17 |  50.0
       D:11 |    4435 |     651 |  12.8 |      22 |       7 |  24.1
       D:12 |    6715 |     702 |   9.5 |      20 |       2 |   9.1
       D:13 |    7528 |   18196 |  70.7 |      20 |      31 |  60.8
       D:14 |   14461 |       0 |   0.0 |      29 |       0 |   0.0
       D:15 |   22243 |    9562 |  30.1 |      36 |      14 |  28.0
     Lair:1 |     811 |    1694 |  67.6 |       6 |       4 |  40.0
     Lair:2 |    7676 |       0 |   0.0 |      20 |       0 |   0.0
     Lair:3 |   10152 |       0 |   0.0 |      38 |       0 |   0.0
     Lair:4 |    5912 |    5448 |  48.0 |      20 |      10 |  33.3
     Lair:5 |    6583 |   11876 |  64.3 |      23 |      21 |  47.7
     Lair:6 |   18694 |   11651 |  38.4 |      46 |      23 |  33.3
   Shoals:1 |   15721 |    3639 |  18.8 |      29 |       9 |  23.7
   Shoals:2 |   19876 |       0 |   0.0 |      40 |       0 |   0.0
   Shoals:3 |   13939 |   10437 |  42.8 |      28 |      13 |  31.7
   Shoals:4 |   16183 |   28207 |  63.5 |      29 |      45 |  60.8
   Spider:1 |   17148 |    1963 |  10.3 |      48 |       1 |   2.0
      Orc:1 |    2868 |     980 |  25.5 |      33 |       1 |   2.9
      Orc:2 |    5214 |    5443 |  51.1 |      35 |      41 |  53.9
   Vaults:1 |   32196 |   15057 |  31.9 |      38 |      20 |  34.5
   Vaults:2 |   32375 |   37531 |  53.7 |      48 |      40 |  45.5
   Vaults:3 |   19479 |   26109 |  57.3 |      26 |      29 |  52.7
   Vaults:4 |   18576 |    2343 |  11.2 |      28 |       4 |  12.5
   Depths:1 |   44217 |    1019 |   2.3 |      57 |       1 |   1.7
   Depths:2 |   17009 |    8850 |  34.2 |      17 |      12 |  41.4
   Depths:3 |   17113 |   78560 |  82.1 |      20 |      61 |  75.3
   Depths:4 |    9872 |   49373 |  83.3 |      15 |      27 |  64.3
   Depths:5 |   13895 |    1789 |  11.4 |      12 |       1 |   7.7
    Abyss:3 |   23025 |    9744 |  29.7 |      56 |      13 |  18.8
      Sewer |       0 |     384 | 100.0 |       0 |      48 | 100.0
     Bailey |       0 |    1207 | 100.0 |       0 |      30 | 100.0
    Volcano |       0 |    3545 | 100.0 |       0 |       9 | 100.0
   Gauntlet |       0 |    4943 | 100.0 |       0 |      12 | 100.0
            +---------+---------+-------+---------+---------+-------

Illustrated notes

Table legend:
 A = Kills in this place as a percentage of kills in entire the game.
 B = Kills by you in this place as a percentage of kills by you in the entire game.
 C = Kills by friends in this place as a percentage of kills by friends in the entire game.
 D = Other kills in this place as a percentage of other kills in the entire game.
 E = Experience gained in this place as a percentage of experience gained in the entire game.
 F = Experience gained in this place divided by the number of levels of this place that you have seen.
                   A       B       C       D       E      F
               +-------+-------+-------+-------+-------+----------------------
         Total | 100.0 | 100.0 | 100.0 | 100.0 | 100.0 | 18038.7
       Dungeon |  26.5 |  25.3 |   0.0 |  55.6 |  13.0 | 6891.8
          Lair |  13.1 |  12.4 |   0.0 |  29.2 |  10.1 | 13416.2
        Shoals |  11.9 |  12.3 |  44.4 |   0.0 |  13.6 | 27000.5
   Spider Nest |   3.0 |   3.1 |  11.1 |   0.0 |   2.4 | 19111.0
  Orcish Mines |   6.8 |   6.8 |   0.0 |   8.3 |   1.8 | 7252.5
        Vaults |  14.4 |  15.2 |   0.0 |   0.0 |  23.1 | 45916.5
        Depths |  13.8 |  14.4 |  22.2 |   0.0 |  30.5 | 48339.4
         Abyss |   4.3 |   4.4 |  22.2 |   0.0 |   4.1 | 16384.5
         Sewer |   3.0 |   3.1 |   0.0 |   0.0 |   0.0 | 384.0
        Bailey |   1.9 |   1.8 |   0.0 |   4.2 |   0.2 | 1207.0
       Volcano |   0.6 |   0.5 |   0.0 |   1.4 |   0.4 | 3545.0
      Gauntlet |   0.7 |   0.7 |   0.0 |   1.4 |   0.6 | 4943.0
               +-------+-------+-------+-------+-------+----------------------

Table legend: (Time is in decaauts)
 A = Elapsed time spent in this place.
 B = Non-inter-level travel time spent in this place.
 C = Inter-level travel time spent in this place.
 D = Time resting spent in this place.
 E = Time spent auto-exploring this place.
 F = Levels seen in this place.
 G = Mean time per level.
                   A        B        C        D        E       F      G
               +--------+--------+--------+--------+--------+-----+--------+
         Total |  50108 |  47520 |   2588 |   5152 |  33599 |  44 | 1138.8 |
       Dungeon |  15292 |  13968 |   1324 |    581 |  11104 |  15 | 1019.5 |
        Temple |    138 |     70 |     68 |      0 |     66 |   1 |  138.0 |
          Lair |   6638 |   6177 |    461 |    443 |   4903 |   6 | 1106.3 |
        Shoals |   7051 |   6894 |    157 |   2274 |   3381 |   4 | 1762.8 |
   Spider Nest |   1474 |   1445 |     29 |     42 |   1171 |   1 | 1474.0 |
  Orcish Mines |   2191 |   2086 |    105 |    272 |   1383 |   2 | 1095.5 |
        Vaults |   6341 |   6058 |    283 |    393 |   4687 |   4 | 1585.2 |
        Depths |   7373 |   7216 |    157 |    978 |   5251 |   5 | 1474.6 |
         Abyss |    293 |    293 |      0 |     16 |     14 |   2 |  146.5 |
         Sewer |   1671 |   1671 |      0 |      0 |    803 |   1 | 1671.0 |
        Bailey |    571 |    571 |      0 |      0 |    464 |   1 |  571.0 |
       Volcano |    725 |    725 |      0 |    153 |    219 |   1 |  725.0 |
      Gauntlet |    345 |    345 |      0 |      0 |    150 |   1 |  345.0 |
               +--------+--------+--------+--------+--------+-----+--------+

Top non-repeatable levels by time:
Depths:3: 3080 daAuts
    D:13: 2645 daAuts
Vaults:2: 2295 daAuts
Shoals:1: 2255 daAuts
Depths:4: 2038 daAuts
Shoals:3: 1985 daAuts
Vaults:1: 1671 daAuts
   Sewer: 1671 daAuts
   Orc:2: 1644 daAuts
Shoals:4: 1640 daAuts
     D:9: 1488 daAuts
Spider:1: 1474 daAuts
    D:15: 1473 daAuts
Depths:1: 1438 daAuts
  Lair:4: 1392 daAuts
